Map: Terrasses de Prion

Players

Worming - Winner!

  • Race: Zerg Zerg
  • League: Platinum

freSP

  • Race: Zerg Zerg
  • League: Gold

VOD

Have the link to the VOD?

Description

Time

  • Played on: Nov. 11, 2015, 8:26 a.m.
  • Length: 4:09
Show
View Real Time Build Order
Export as new Build Order

Worming Zerg - Winner!

Build Orders: Hatch First 

Get SALT Encoding   

  12  0:01  Drone  
  13  0:12  Overlord  
  13  0:20  Drone  
  14  0:26  Overlord  
  14  0:32  Drone  
  14  0:35  Drone  
  16  0:56  Hatchery  
  15  0:59  Drone  
  15  1:03  Drone  
  17  1:07  Drone  
  18  1:12  Extractor  
  17  1:23  Spawning Pool  
  16  1:27  Drone  
  16  1:30  Drone  
  18  1:44  Drone  
  19  1:50  Drone  
  20  2:02  Drone  
  21  2:10  Queen x2  
  21  2:11  Zergling x4  
  27  2:16  Metabolic Boost  
  27  2:20  Zergling x2  
  28  2:26  Zergling x2  
  29  2:35  Overlord  
  28  2:46  Zergling x6  
  29  3:00  Drone x2  
  29  3:03  Zergling x2  
  32  3:05  Zergling x2  
  32  3:12  Baneling Nest  
  32  3:17  Overlord  
  32  3:24  Zergling x12  
  38  3:49  Zergling x2  
  38  3:50  Zergling x8  
Show
View Real Time Build Order
Export as new Build Order

freSP Zerg 

Build Orders: Pool First 

Get SALT Encoding   

  12  0:01  Drone  
  13  0:16  Drone  
  13  0:17  Overlord  
  14  0:38  Drone x3  
  17  0:46  Spawning Pool  
  16  0:57  Drone  
  16  1:02  Extractor  
  16  1:04  Drone  
  17  1:05  Extractor  
  16  1:33  Queen  
  16  1:34  Zergling x6  
  21  1:47  Zergling x2  
  21  1:51  Hatchery  
  21  1:57  Overlord  
  21  2:13  Zergling x2  
  22  2:20  Metabolic Boost  
  23  2:22  Drone  
  23  2:33  Zergling x2  
  20  2:59  Baneling Nest, Drone  
  20  3:01  Zergling x2  
  20  3:02  Zergling x4  
  23  3:08  Zergling x4  
  23  3:11  Queen  
  27  3:15  Zergling x2  
  28  3:22  Zergling x2  
  29  3:39  Overlord x2  
Tags
 
Add a new tag
Caveats
  • Supply blocks, unpowered buildings, or Contaminate may cause inaccurate times.
  • Supply counts are checked every 10 seconds.